 Dungeon Crawl Stone Soup version 0.29-a0-341-g24ffce5b50 (webtiles) character file.

Game seed: 5411783596796452141

126056 Flugkiller the Severer (level 16, -19/145 HPs)
             Began as a Palentonga Chaos Knight on Apr 20, 2022.
             Was a Plaything of Xom.
             Demolished by a naga warrior
             ... wielding a +0 long sword
              (37 damage)
             ... on level 3 of the Snake Pit.
             The game lasted 00:37:49 (25964 turns).

Flugkiller the Severer (Palentonga Chaos Knight)   Turns: 25964, Time: 00:37:49

Health: -19/145    AC: 39    Str: 20 (21) XL:     16   Next: 43%
Magic:  10/16      EV:  4    Int: 12      God:    Xom [*.....]
Gold:   1011       SH: 16    Dex:  9      Spells: 15/15 levels left

rFire   + . .      SeeInvis +   u - +9 broad axe (flame)
rCold   . . .      Faith    .   Y - +1 tower shield {AC+3}
rNeg    . . .      Spirit   .   c - +2 chain mail {rF+}
rPois   +          Reflect  .   (helmet restricted)
rElec   .          Harm     .   D - +2 cloak
rCorr   .          Rampage  .   M - +0 pair of gloves "Koghump" {rPois Regen+}
Will    +....      Clarity  +   i - +1 barding
Stlth   ..........              Z - amulet of the acrobat
HPRegen 1.14/turn               p - +4 ring of protection
MPRegen 0.15/turn               v - +4 ring of evasion

@: mighty, marked, weakened, on berserk cooldown, hasted and slowed,
constricted, studying Fighting, curled up, unable to read
A: large, rugged brown scales 3, see invisible, deformed body, roll 1, armoured
tail, reflexive curl, horns 2, thin skeletal structure 1, clarity, clumsy 2,
deterioration 1, mutation resistance 1, screaming 1, weak 1, inability to read
while threatened, sturdy frame 1
a: Rolling Charge, Renounce Religion


You were on level 3 of the Snake Pit.
You worshipped Xom.
You were a special plaything of Xom.
You visited 4 branches of the dungeon, and saw 27 of its levels.
You also visited: Ice Cave and Volcano.

You collected 3962 gold pieces.
You spent 2951 gold pieces at shops.

Inventory:

Hand Weapons
 u - a +9 broad axe of flaming (weapon)
   (You acquired it on level 4 of the Dungeon)
Missiles
 x - 4 throwing nets
 J - 3 curare-tipped darts
Armour
 c - a +2 chain mail of fire resistance (worn)
   (You took it off an orc warrior on level 2 of the Orcish Mines)
 i - a +1 barding (worn)
   (You took it off Nessos on level 13 of the Dungeon)
 B - +0 fire dragon scales
   (You found it in a volcano)
 D - a +2 cloak (worn)
   (You found it on level 4 of the Lair of Beasts)
 M - the +0 pair of gloves "Koghump" (worn) {rPois Regen+}
   (You acquired it on level 4 of the Dungeon)

   rPois:     It protects you from poison.
   Regen:     It increases your rate of health regeneration.
 Y - a +1 tower shield of protection (worn)
   (You took it off a naga warrior on level 4 of the Snake Pit)
Jewellery
 m - a ring of willpower
   (You bought it in a shop on level 2 of the Snake Pit)
 p - a +4 ring of protection (left hand)
   (You found it on level 2 of the Dungeon)
 v - a +4 ring of evasion (right hand)
   (You bought it in a shop on level 2 of the Snake Pit)
 P - a ring of resist corrosion
   (You found it on level 1 of the Lair of Beasts)
 R - a ring of fire
   (You found it on level 2 of the Lair of Beasts)
 Z - an amulet of the acrobat (around neck)
   (You found it on level 11 of the Dungeon)
Wands
 n - a wand of acid (7)
   (You found it on level 2 of the Snake Pit)
 y - a wand of flame (37)
   (You found it on level 4 of the Dungeon)
 E - a wand of paralysis (19)
   (You found it on level 6 of the Dungeon)
 F - a wand of polymorph (6)
   (You found it on level 2 of the Snake Pit)
 G - a wand of charming (8)
   (You found it on level 12 of the Dungeon)
 O - a wand of mindburst (11)
   (You found it on level 1 of the Lair of Beasts)
 U - a wand of iceblast (14)
   (You found it on level 5 of the Lair of Beasts)
Scrolls
 a - 4 scrolls of silence
 b - a scroll of summoning
 o - 3 scrolls of brand weapon
 r - 7 scrolls of identify
 s - 5 scrolls of fear
 t - 12 scrolls of teleportation
 z - 2 scrolls of blinking
 C - 3 scrolls of vulnerability
 I - 8 scrolls of fog
 K - 3 scrolls of holy word
 N - 2 scrolls of magic mapping
 S - 3 scrolls of immolation
 W - a scroll of enchant armour
Potions
 d - 6 potions of might
 e - 3 potions of berserk rage
 f - 4 potions of lignification
 g - 2 potions of cancellation
 j - 5 potions of attraction
 k - 3 potions of invisibility
 l - 3 potions of mutation
 q - 5 potions of curing
 A - 7 potions of flight
 L - 4 potions of magic
 Q - a potion of ambrosia
Miscellaneous
 V - a box of beasts
   (You found it on level 5 of the Lair of Beasts)
 X - a phantom mirror (inert)
   (You found it on level 6 of the Lair of Beasts)


   Skills:
 + Level 15.3 Fighting
 - Level 18.0 Axes
 + Level 12.3 Armour
 - Level 0.7 Dodging
 + Level 10.7 Shields
 - Level 6.0 Evocations


You had 15 spell levels left.
You didn't know any spells.
Your spell library contained the following spells:

 Spells                   Type           Power      Damage    Failure   Level
 Animate Skeleton         Necr           0%         N/A       99%         1
 Magic Dart               Conj           0%         1d3       99%         1
 Pain                     Necr           0%         1d4       99%         1
 Sandblast                Erth           0%         2d4       99%         1
 Blink                    Tloc           0%         N/A       100%        2
 Call Imp                 Summ           0%         N/A       100%        2
 Passwall                 Tmut/Erth      0%         N/A       100%        2
 Frozen Ramparts          Ice            0%         1d2       100%        3
 Gell's Gravitas          Tloc           0%         N/A       100%        3
 Mephitic Cloud           Conj/Pois/Air  0%         N/A       100%        3
 Stone Arrow              Conj/Erth      0%         3d7       100%        3
 Summon Guardian Golem    Hex/Summ       0%         N/A       100%        3
 Teleport Other           Tloc           0%         N/A       100%        3
 Tukima's Dance           Hex            0%         N/A       100%        3
 Vampiric Draining        Necr           0%         2d6       100%        3
 Anguish                  Hex/Necr       0%         N/A       100%        4
 Fulminant Prism          Conj/Hex       0%         3d6       100%        4
 Ice Form                 Ice/Tmut       0%         N/A       100%        4
 Iskenderun's Mystic Bla  Conj/Tloc      0%         2d3       100%        4
 Summon Ice Beast         Ice/Summ       0%         N/A       100%        4
 Lee's Rapid Deconstruct  Erth           0%         3d5*      100%        5
 Manifold Assault         Tloc           0%         N/A       100%        5
 Dispersal                Tloc           0%         N/A       100%        6
 Enfeeble                 Hex            0%         N/A       100%        7
 Orb of Destruction       Conj           0%         9d5       100%        7
 Spellforged Servitor     Conj/Summ      0%         N/A       100%        7
 Storm Form               Tmut/Air       0%         N/A       100%        7


Dungeon Overview and Level Annotations

Branches:
Dungeon (15/15)            Temple (0/1) D:7            Lair (6/6) D:10
 Shoals (0/4) Lair:2        Snake (4/4) Lair:2        Slime (0/5) Lair:6
    Orc (2/2) D:11            Elf (0/3) Orc:2        Vaults (0/5) D:14
 Depths (0/4) D:15          IceCv (visited)         Volcano (visited)

Altars:
Fedhas
Gozag
Kikubaaqudgha
Ru
Trog
Xom
Beogh

Shops:
Orc:2 (*(!   Snake:2 =:=   Snake:3 =[*:   Snake:4 (((*

Portals:
Trove: D:14 (show slimy rune of Zot)

Annotations:
D:4 2 transporters, jytt13's ghost, amateur GnWn
D:5 2 runed translucent doors, generaletaddeo's ghost, weakling FeDe
Snake:1 1 runed translucent door, Kaenenan's ghost, adept FoTm
Snake:2 3 runed translucent doors, exclusion: obsidian statue, ang3lsp1der's ghost, adept MiFi


Innate Abilities, Weirdness & Mutations

You are completely covered in rugged brown scales. (AC +3, +7% HP)
You have supernaturally acute eyesight. (SInv)
Armour fits poorly on your strangely shaped body.
You can roll at nearby foes to attack.
You have a long armoured tail.
You curl defensively after being hit. (AC +7*)
You have a pair of horns on your head.
You have a somewhat thin skeletal structure. (Dex +2, Stealth+)
You possess an exceptional clarity of mind.
You are very clumsy. (Dex -4)
Your body sometimes deteriorates upon taking damage.
You are somewhat resistant to further mutation.
You occasionally shout uncontrollably at your foes.
You are weak. (Str -2)
You sometimes lose the ability to read scrolls when taking damage.
Your movements are slightly less encumbered by armour. (ER -2)


Message History

The black mamba hisses angrily.
The black mamba seems to speed up.
A salamander tyrant comes into view.
The black mamba hisses angrily.
The naga shouts!
Unknown command.
Unknown command.
Roll where?
Press: ? - help, Dir - move target, f - salamander mystic
Aim: a salamander mystic, wielding a +0 dagger and wearing a +0 robe (lightly wounded, strong)
You roll forward with a clatter of scales!
You slash the salamander mystic! You headbutt the salamander mystic.
You tail-slap the salamander mystic.
The salamander mystic is heavily wounded.
You slash the black mamba! You burn the black mamba.
You hear a shout!
The black mamba bites you but does no damage.
A guardian serpent comes into view.
You block the black mamba's attack. You block the naga's attack.
The salamander tyrant gazes fiercely through you!
You feel as though you will be weak longer.
The naga barely misses you.
The nagaraja pulls the alarm!
The alarm trap emits a blaring wail!
A sentinel's mark forms upon you.
A nagaraja comes into view. It is wielding a +0 whip.
The naga warrior spits poison at you. The splash of poison misses you.
The splash of poison hits the salamander mystic.
The black mamba bites you but does no damage.
The guardian serpent moves out of view.
You hear a shout! x2; You hear an angry hiss. x6; You hear a shout!
A salamander tyrant comes into view.
Unknown command.
Unknown command.
The salamander mystic attacks as you move away!
You block the salamander mystic's attack.
You block the black mamba's attack. The naga spits poison at you.
The splash of poison misses you. The guardian serpent misses you.
The guardian serpent hits itself.
The black mamba bites you.
* * * LOW HITPOINT WARNING * * *
The nagaraja gestures wildly while chanting.
The nagaraja seems to speed up.
The salamander tyrant gazes fiercely through you!
You feel as though you will be weak longer.
The nagaraja casts a spell.
The nagaraja seems to speed up.
The salamander mystic casts a spell at the salamander mystic.
The salamander mystic seems to speed up.
A naga mage comes into view. It is wielding a +0 whip.
The salamander tyrant moves out of view.
There is a stone staircase leading up here.
You block the black mamba's attack.
The black mamba bites you but does no damage.
The nagaraja hits you but does no damage.
The nagaraja barely misses you.
The salamander tyrant hits you but does no damage.
You block the black mamba's attack.
The guardian serpent hits you but does no damage.
The guardian serpent hits itself!!
The naga hits you but does no damage.
The salamander mystic gestures at you while chanting.
The lance of force hits you but does no damage.
You block the naga's attack.
The salamander tyrant gazes fiercely through you!
You feel as though you will be weak longer.
The naga warrior barely misses you. You block the naga warrior's attack.
You climb upwards.
There is a stone staircase leading down here.
Unknown command.
Unknown command.
Unknown command.
You cannot read scrolls in your current state!
Unknown command.
You feel better. The black mamba barely misses you.
You block the nagaraja's attack. The nagaraja grabs you.
The nagaraja constricts you. You block the black mamba's attack.
The salamander mystic hits you but does no damage.
The salamander tyrant gazes fiercely through you!
You feel as though you will be weak longer.
The salamander tyrant barely misses you.
The nagaraja spits poison at you. You block the splash of poison.
The nagaraja constricts you.
The black mamba bites you but does no damage.
The naga warrior hits you but does no damage.
The salamander mystic hits you with a +0 dagger.
* * * LOW HITPOINT WARNING * * *
You are engulfed in flames!
You resist.
* * * LOW HITPOINT WARNING * * *
Enter note: Unknown command.
Unknown command.
You cannot read scrolls in your current state!
Unknown command.
You feel better.
The black mamba bites you but does no damage. x2
The nagaraja hits you but does no damage.
The nagaraja constricts you.
You block the salamander tyrant's attack.
The naga warrior hits you with a +0 long sword!!!
You die...
Xom chuckles heartily!

############## #............#
#.##########.# #.# #.#
#.######## #.### #####
#........# #...###)...
#........# #....).)...
##...NN...###....).....
#....N@S..'.+..........
######.....NN..###..........
#..............# #..........
#..............###.##.......
#..................#####....
#......#...............'....
##......#...........#####....
#.......+....#......##.......
#.......#....#....^.##.....#.


You could see a nagaraja (fast, strong, catching breath), 2 naga warriors, a
salamander tyrant (strong), a salamander mystic (fast, strong) and a black mamba
(fast).

Vanquished Creatures
  Nikola (Snake:3)
  2 nagarajas (Snake:4)
  2 orc warlords
  Nessos (D:13)
  Azrael (D:12)
  An ettin (D:15)
  Josephine (D:10)
  A fire dragon (Volcano)
  4 hydras
  A salamander tyrant (Snake:4)
  5 boulder beetles
  3 centaur warriors
  3 catoblepae
  6 anacondas
  3 naga warriors
  7 two-headed ogres
  4 death yaks (Lair:6)
  2 tengu warriors (D:15)
  Urug (D:12)
  A deep troll shaman (Lair:6)
  Nergalle (D:11)
  4 naga sharpshooters
  4 orc high priests (Orc:2)
  3 salamander mystics
  A deep troll (D:15)
  A wizard (D:14)
  A harpy (D:10)
  A naga ritualist (Snake:3)
  5 lindwurms
  8 mana vipers
  2 necromancers (D:15)
  6 orc knights (Orc:2)
  3 deep elf pyromancers
  3 ugly things (D:15)
  A deep elf zephyrmancer (D:15)
  2 orc sorcerers (Orc:2)
  8 cyclopes
  10 salamanders
  A smoke demon (Volcano)
  17 elephants
  Joseph (D:7)
  2 gargoyles
  10 guardian serpents
  Maurice (Orc:2)
  20 black mambas
  An unseen horror (D:10)
  11 naga magi
  6 cane toads
  A cane toad (shapeshifter) (Lair:6)
  3 kobold demonologists
  2 rime drakes
  A yaktaur (D:15)
  7 komodo dragons
  A guardian mummy (D:14)
  A freezing wraith (D:15)
  A troll (shapeshifter) (Snake:3)
  3 polar bears
  7 trolls
  A wind drake (shapeshifter) (D:14)
  A hornet (D:10)
  Prince Ribbit (D:8)
  9 slime creatures
  29 blink frogs
  A shadow (D:12)
  3 water elementals (D:15)
  3 wyverns
  29 yaks
  7 wraiths
  2 fire elementals (D:12)
  A yak (shapeshifter) (D:6)
  4 steam dragons
  A redback simulacrum (D:15)
  6 basilisks
  5 vampire mosquitoes
  A death yak simulacrum (Lair:2)
  40 nagas
  4 wargs
  16 water moccasins
  4 hell hounds
  3 sky beasts
  36 orc warriors
  4 ice beasts
  3 black bears
  2 meliai simulacra (D:15)
  25 wolves
  10 ogres
  9 centaurs
  A phantom (D:5)
  7 kobold brigands
  2 gnoll sergeants
  A necrophage (D:6)
  13 bullfrogs
  2 scorpions
  6 wights
  10 killer bees
  7 howler monkeys
  4 electric eels
  25 orc priests
  7 jellies
  2 hounds
  4 gnoll shamans
  8 iguanas
  20 orc wizards
  22 gnolls
  13 adders
  2 shadow imps
  A white imp (D:7)
  4 ufetubi
  A worm (shapeshifter) (D:14)
  A worm (D:4)
  2 dart slugs
  91 orcs
  9 ball pythons
  2 bats (D:3)
  11 endoplasms
  A giant cockroach (D:1)
  7 goblins
  3 hobgoblins
  7 jackals
  A quokka (D:4)
  A frilled lizard (D:1)
  29 kobolds
  4 rats
802 creatures vanquished.

Vanquished Creatures (collateral kills)
  An orc sorcerer (Orc:2)
  A black mamba (Snake:4)
  2 ogres (D:5)
  A bullfrog (Lair:2)
  An orc priest (Orc:2)
  A gnoll (D:7)
  An orc (Orc:2)
8 creatures vanquished.

Vanquished Creatures (others)
  A naga (Snake:2)
  2 orc wizards (D:8)
  2 orcs (D:8)
  18 fungi
  67 plants
90 creatures vanquished.

Grand Total: 900 creatures vanquished

Notes
Turn   | Place    | Note
-------+----------+-------------------------------------------
     0 | D:1      | Flugkiller the Palentonga Chaos Knight began the quest for
                  | the Orb.
     0 | D:1      | Reached XP level 1. HP: 19/19 MP: 1/1
   217 | D:1      | Found a faded altar of an unknown god.
   438 | D:1      | XOM: silly message
   647 | D:1      | XOM: cast spell 'Summon Cactus Giant'
   655 | D:1      | Reached XP level 2. HP: 24/25 MP: 2/2
   808 | D:1      | XOM: divination: magic mapping
   983 | D:1      | XOM: scenery: summon butterflies
  1198 | D:2      | Reached XP level 3. HP: 31/31 MP: 3/3
  1221 | D:2      | XOM: scenery: 2 doors open
  1623 | D:3      | XOM: enchant monster (good)
  1673 | D:3      | Reached skill level 4 in Axes
  1714 | D:3      | Reached XP level 4. HP: 17/37 MP: 4/4
  1753 | D:3      | XOM: stat loss: -1 Str (17/18)
  2191 | D:4      | Noticed a bullfrog
  2192 | D:4      | Killed a bullfrog
  2193 | D:4      | Reached XP level 5. HP: 44/44 MP: 5/5
  2406 | D:4      | Noticed a steam dragon
  2417 | D:4      | XOM: summons 1 hostile shadow creature
  2418 | D:4      | Noticed an ogre
  2510 | D:3      | XOM: give mutations
  2510 | D:3      | Gained mutation: You are occasionally teleported next to
                  | monsters. [Xom's mischief]
  2510 | D:3      | Gained mutation: You occasionally shout uncontrollably at
                  | your foes. [Xom's mischief]
  2510 | D:3      | Gained mutation: You are frail. (-10% HP) [Xom's mischief]
  2590 | D:4      | Noticed a phantom
  2592 | D:4      | Found a transporter.
  2592 | D:4      | Noticed jytt13's ghost (amateur GnWn)
  2675 | D:4      | Reached skill level 5 in Axes
  2916 | D:4      | Identified 2 scrolls of acquirement
  2916 | D:4      | Acquired a +0 broad axe of flaming
  2918 | D:4      | Acquired the +0 pair of gloves "Koghump" {rPois Regen+}
  2980 | D:4      | Reached XP level 6. HP: 46/46 MP: 6/6
  3044 | D:4      | Killed a steam dragon
  3253 | D:4      | Found a transporter.
  3455 | D:5      | Entered Level 5 of the Dungeon
  3455 | D:5      | Found a large runed translucent door.
  3455 | D:5      | Found a large runed translucent door.
  3458 | D:5      | Reached skill level 6 in Axes
  3513 | D:5      | Gained mutation: You curl defensively after being hit. (AC
                  | +7*) [Palentonga growth]
  3513 | D:5      | Reached XP level 7. HP: 53/53 MP: 7/7
  3655 | D:5      | XOM: swap monsters
  3657 | D:5      | XOM: fake destruction
  3660 | D:5      | Reached skill level 5 in Fighting
  3766 | D:5      | XOM: swap monsters
  3830 | D:5      | Reached skill level 7 in Axes
  3846 | D:5      | XOM: summons 6 friendly demons
  3883 | D:5      | Reached XP level 8. HP: 61/61 MP: 8/8
  3980 | D:5      | Noticed generaletaddeo's ghost (weakling FeDe)
  4136 | D:6      | XOM: polymorph killer bee -> jelly
  4144 | D:6      | XOM: 1-stop teleportation journey
  4163 | D:6      | XOM: confuse monster(s)
  4265 | D:6      | XOM: fog
  4271 | D:6      | Reached skill level 8 in Axes
  4321 | D:6      | XOM: god gift: +2 fustibalus of flaming
  4505 | D:6      | Noticed a shapeshifter
  4505 | D:6      | a killer bee changed into a shapeshifter
  4505 | D:6      | XOM: polymorph killer bee -> shapeshifter
  4505 | D:6      | Noticed an unseen horror
  4505 | D:6      | a shapeshifter changed into an unseen horror
  4507 | D:6      | an unseen horror changed into a hog
  4516 | D:6      | Reached skill level 5 in Armour
  4584 | D:6      | XOM: give mutation
  4584 | D:6      | Gained mutation: You are resistant to electric shocks.
                  | (rElec) [Xom's grace]
  4627 | D:6      | Reached XP level 9. HP: 68/68 MP: 9/9
  4627 | D:6      | XOM: god gift: glowing chain mail {god gift}
  4704 | D:6      | Reached skill level 9 in Axes
  4835 | D:6      | XOM: 3-stop teleportation journey
  5143 | D:6      | XOM: god gift: 691 gold pieces
  5570 | D:7      | Noticed a sixfirhy
  5570 | D:7      | Noticed Joseph
  5570 | D:7      | Found a runed translucent door.
  5570 | D:7      | Found a staircase to the Ecumenical Temple.
  5570 | D:7      | XOM: cast spell 'Chain of Chaos'
  5573 | D:7      | XOM: summons friendly white imp
  5626 | D:6      | XOM: stat loss: -1 Str (20/21)
  5719 | D:7      | XOM: confuse monster(s)
  5728 | D:7      | Killed Joseph
  5729 | D:7      | Reached skill level 1 in Evocations
  5797 | D:7      | XOM: god gift: 11 gold pieces
  5925 | D:7      | Found a bloodstained altar of Trog.
  5961 | D:6      | XOM: give mutation
  5961 | D:6      | Gained mutation: You have a pair of small horns on your
                  | head. [Xom's grace]
  6071 | D:7      | Reached skill level 10 in Axes
  6263 | D:7      | XOM: give mutation
  6263 | D:7      | Gained mutation: You are dopey. (Int -2) [Xom's mischief]
  6349 | D:8      | Noticed a guardian serpent
  6349 | D:8      | a yak changed into a guardian serpent
  6349 | D:8      | XOM: polymorph yak -> guardian serpent
  6365 | D:7      | Reached XP level 10. HP: 26/77 MP: 10/10
  6382 | D:7      | XOM: give mutations
  6382 | D:7      | Gained mutation: You passively map a small area around you.
                  | [Xom's grace]
  6382 | D:7      | Gained mutation: You possess an exceptional clarity of
                  | mind. [Xom's grace]
  6382 | D:7      | Gained mutation: You are somewhat resistant to further
                  | mutation. [Xom's grace]
  6382 | D:7      | Gained mutation: Your movements are slightly less
                  | encumbered by armour. (ER -2) [Xom's grace]
  6430 | D:8      | Killed a guardian serpent
  6603 | D:8      | XOM: scenery: summon butterflies
  6638 | D:8      | Noticed Prince Ribbit
  6649 | D:8      | Killed Prince Ribbit
  6659 | D:8      | Noticed a two-headed ogre
  6659 | D:8      | XOM: summons friendly iron imp
  6665 | D:8      | XOM: divination: detect items
  6670 | D:8      | Killed a two-headed ogre
  6671 | D:8      | Reached skill level 11 in Axes
  6866 | D:8      | XOM: god gift: 32 gold pieces
  6903 | D:8      | XOM: summons friendly iron imp
  6909 | D:8      | XOM: destruction
  7516 | D:9      | XOM: divination: detect creatures
  7533 | D:9      | Identified the +8 whip of Courage {vorpal, Will+ Str+3
                  | Dex-5}
  7743 | D:9      | XOM: god gift: scroll of brand weapon
  7751 | D:9      | Found a blossoming altar of Fedhas.
  7969 | D:9      | XOM: give mutation
  7969 | D:9      | Gained mutation: You have a pair of horns on your head.
                  | [Xom's grace]
  7991 | D:10     | Entered Level 10 of the Dungeon
  8055 | D:10     | XOM: god gift: 757 gold pieces
  8083 | D:10     | Found a staircase to the Lair.
  8121 | D:10     | Reached XP level 11. HP: 72/84 MP: 11/11
  8124 | D:10     | Noticed a harpy
  8124 | D:10     | a yak changed into a harpy
  8124 | D:10     | XOM: polymorph yak -> harpy
  8130 | D:10     | Killed a harpy
  8177 | D:10     | XOM: confuse monster(s)
  8179 | D:10     | Reached skill level 12 in Axes
  8192 | D:10     | XOM: confuse monster(s)
  8253 | D:10     | Reached skill level 5 in Evocations
  8254 | D:10     | Noticed Josephine
  8256 | D:10     | XOM: scenery: summon butterflies
  8257 | D:10     | XOM: summons 2 friendly demons
  8259 | D:10     | XOM: enchant monster (good)
  8266 | D:10     | Noticed a two-headed ogre
  8269 | D:10     | XOM: silly message
  8274 | D:10     | Killed a two-headed ogre
  8337 | D:10     | Killed Josephine
  8377 | D:10     | XOM: potion effect (invisibility)
  8457 | D:10     | XOM: god gift: faintly glowing falchion {god gift}
  8457 | D:10     | Identified the +10 falchion of Ceymes {chaos, Contam rPois
                  | Dex+3} (Xom gifted it to you on level 10 of the Dungeon)
  8513 | D:10     | XOM: 11-stop teleportation journey
  8527 | D:10     | Paralysed by a hornet for 2 turns
  8860 | D:7      | XOM: potion effect (heal wounds)
  8860 | D:7      | XOM: smoke on damage
  8861 | D:7      | XOM: enchant monster (bad)
  9023 | Lair:1   | Entered Level 1 of the Lair of Beasts
  9157 | Lair:1   | XOM: cast spell 'Alistair's Intoxication'
  9160 | Lair:1   | Reached skill level 13 in Axes
  9227 | Lair:1   | XOM: enchant monster (good)
  9247 | Lair:1   | XOM: 1-stop teleportation journey
  9261 | Lair:1   | XOM: enchant monster (good)
  9262 | Lair:1   | XOM: noise
  9265 | Lair:1   | XOM: fog
  9751 | Lair:2   | Reached XP level 12. HP: 82/94 MP: 12/12
  9797 | Lair:2   | XOM: polymorph naga -> sky beast
  9809 | Lair:2   | Reached skill level 10 in Fighting
  9855 | Lair:2   | Found a staircase to the Snake Pit.
  9988 | Lair:2   | Found a staircase to the Shoals.
  9993 | Lair:2   | XOM: summons friendly shadow imp
 10130 | Lair:2   | Found a frozen archway.
 10148 | IceCv    | Entered an ice cave
 10150 | IceCv    | XOM: divination: detect creatures
 10156 | Lair:2   | Reached skill level 14 in Axes
 10173 | Lair:2   | Noticed a catoblepas
 10185 | Lair:2   | Killed a catoblepas
 10219 | Lair:2   | XOM: stat loss: -1 Dex (9/10)
 10461 | Lair:3   | XOM: cast spell 'Chain of Chaos'
 10462 | Lair:3   | XOM: noise
 10468 | Lair:3   | XOM: enchant monster (bad)
 10488 | Lair:3   | XOM: noise
 10494 | Lair:3   | XOM: divination: magic mapping
 10567 | Lair:2   | XOM: divination: detect items
 10791 | Lair:3   | XOM: silly message
 10837 | Lair:3   | XOM: 1-stop teleportation journey
 11076 | Lair:3   | XOM: silly message
 11518 | Lair:4   | XOM: summons 12 friendly demons
 11582 | Lair:4   | XOM: potion effect (berserk rage)
 11589 | Lair:4   | Reached skill level 15 in Axes
 11713 | Lair:4   | Reached XP level 13. HP: 92/102 MP: 13/13
 11822 | Lair:4   | XOM: polymorph five-headed hydra -> boulder beetle
 11823 | Lair:4   | XOM: divination: magic mapping
 12296 | Lair:4   | XOM: god gift: robe {god gift}
 12472 | Lair:4   | XOM: scenery: summon butterflies
 12694 | Lair:5   | XOM: cleaving
 12695 | Lair:5   | XOM: cleaving
 12758 | Lair:5   | XOM: fake destruction
 12985 | Lair:5   | XOM: confuse monster(s)
 13218 | Lair:5   | XOM: draining
 13325 | Lair:5   | XOM: summons 7 hostile demons
 13492 | Lair:6   | Entered Level 6 of the Lair of Beasts
 13540 | Lair:6   | Found a dark tunnel.
 13551 | Volcano  | Entered a volcano
 13611 | Volcano  | Reached skill level 16 in Axes
 13745 | Volcano  | Noticed a fire dragon
 13752 | Volcano  | XOM: noise
 13765 | Volcano  | Killed a fire dragon
 13890 | Lair:6   | Found a staircase to the Slime Pits.
 13976 | Lair:6   | XOM: scenery: create altars
 13977 | Lair:6   | XOM: noise
 14070 | Lair:6   | Reached skill level 10 in Armour
 14181 | Lair:6   | XOM: noise
 14185 | Lair:6   | XOM: 2-stop teleportation journey
 14210 | Lair:6   | XOM: noise
 14504 | Lair:6   | Noticed an azure jelly
 14504 | Lair:6   | a death yak changed into an azure jelly
 14504 | Lair:6   | XOM: polymorph death yak -> azure jelly
 14509 | Lair:6   | an azure jelly changed into a shapeshifter
 14509 | Lair:6   | XOM: polymorph azure jelly -> shapeshifter
 14514 | Lair:6   | XOM: noise
 14519 | Lair:6   | XOM: summons 7 hostile demons
 14527 | Lair:6   | XOM: swap monsters
 14743 | Lair:6   | XOM: give mutation
 14743 | Lair:6   | Lost mutation: You are resistant to electric shocks.
                  | (rElec) [Xom's mischief]
 14744 | Lair:6   | XOM: summons 7 hostile demons
 14770 | Lair:6   | XOM: blink monster(s)
 14973 | Lair:6   | Reached XP level 14. HP: 92/112 MP: 14/14
 15316 | D:11     | Noticed Nergalle
 15336 | D:11     | XOM: potion effect (heal wounds)
 15342 | D:11     | XOM: confuse monster(s)
 15346 | D:11     | Killed Nergalle
 15353 | D:11     | Reached skill level 17 in Axes
 15359 | D:11     | XOM: silly message
 15363 | D:11     | XOM: confuse monster(s)
 15653 | D:11     | XOM: silly message
 15701 | D:11     | Found a staircase to the Orcish Mines.
 15911 | D:12     | XOM: enchant monster (good)
 16081 | D:12     | XOM: potion effect (invisibility)
 16145 | D:12     | XOM: noise
 16225 | D:12     | XOM: 1-stop teleportation journey
 16407 | D:12     | Noticed Azrael
 16431 | D:12     | Killed Azrael
 16615 | D:12     | Noticed Urug
 16617 | D:12     | XOM: cast spell 'Leda's Liquefaction'
 16625 | D:12     | Killed Urug
 16698 | D:12     | XOM: draining
 16864 | D:13     | You fall into a shaft and drop 2 floors!
 16864 | D:15     | Entered Level 15 of the Dungeon
 16882 | D:15     | XOM: summons 3 hostile shadow creatures
 17130 | D:13     | Noticed Nessos
 17134 | D:13     | XOM: summons friendly iron imp
 17138 | D:13     | Killed Nessos
 17294 | D:13     | XOM: chaos cloud
 17878 | D:13     | XOM: give mutations
 17878 | D:13     | Gained mutation: Your body sometimes deteriorates upon
                  | taking damage. [Xom's mischief]
 17878 | D:13     | Lost mutation: You are occasionally teleported next to
                  | monsters. [Xom's mischief]
 17878 | D:13     | Gained mutation: You are very frail. (-20% HP) [Xom's
                  | mischief]
 17878 | D:13     | Lost mutation: You have a pair of horns on your head.
                  | [Xom's mischief]
 17970 | D:13     | XOM: give mutations
 17970 | D:13     | Lost mutation: You are very frail. (-20% HP) [Xom's
                  | mischief]
 17970 | D:13     | Gained mutation: You are clumsy. (Dex -2) [Xom's mischief]
 17970 | D:13     | Lost mutation: Your body sometimes deteriorates upon taking
                  | damage. [Xom's mischief]
 17970 | D:13     | Gained mutation: Your body sometimes deteriorates upon
                  | taking damage. [Xom's mischief]
 18092 | D:14     | Found a portal to a secret trove of treasure.
 18183 | D:14     | Found an ancient bone altar of Kikubaaqudgha.
 18183 | D:14     | XOM: 6-stop teleportation journey
 18250 | D:14     | XOM: silly message
 18446 | D:14     | Reached skill level 18 in Axes
 18494 | D:14     | Found a gate to the Vaults.
 18502 | D:14     | Identified the +1 leather armour of Umoad {Str+2 Slay+5}
 18819 | D:15     | XOM: confuse monster(s)
 18901 | D:15     | XOM: blink monster(s)
 18902 | D:15     | XOM: confuse monster(s)
 18936 | D:15     | XOM: blink monster(s)
 18944 | D:15     | Found a staircase to the Depths.
 18948 | D:15     | XOM: enchant monster (good)
 18983 | D:15     | XOM: enchant monster (good)
 19087 | D:15     | Reached skill level 1 in Shields
 19100 | D:15     | XOM: give mutations
 19100 | D:15     | Gained mutation: You are weak. (Str -2) [Xom's mischief]
 19100 | D:15     | Lost mutation: You passively map a small area around you.
                  | [Xom's mischief]
 19100 | D:15     | Gained mutation: You have a somewhat thin skeletal
                  | structure. (Dex +2, Stealth+) [Xom's mischief]
 19100 | D:15     | Lost mutation: You are frail. (-10% HP) [Xom's mischief]
 19144 | D:15     | Reached XP level 15. HP: 133/133 MP: 15/15
 19269 | D:15     | Found a sacrificial altar of Ru.
 19272 | D:15     | XOM: divination: detect items
 19280 | D:15     | XOM: summons friendly ufetubus
 19728 | Orc:1    | Entered Level 1 of the Orcish Mines
 19954 | Orc:1    | XOM: summons friendly iron imp
 19956 | Orc:1    | XOM: potion effect (might)
 20151 | Orc:2    | Entered Level 2 of the Orcish Mines
 20164 | Orc:2    | XOM: summons friendly quasit
 20215 | Orc:2    | XOM: 2-stop teleportation journey
 20239 | Orc:2    | Noticed an orc warlord
 20276 | Orc:1    | Killed an orc warlord
 20465 | Orc:2    | XOM: summons friendly white imp
 20477 | Orc:2    | Paralysed by an orc sorcerer for 6 turns
 20480 | Orc:2    | XOM: summons 2 friendly demons
 20523 | Orc:2    | Found Bixiarch's Assorted Antiques.
 20535 | Orc:2    | Reached skill level 5 in Shields
 20543 | Orc:2    | Found Ejemoi's Weapon Shoppe.
 20667 | Orc:2    | Noticed an orc warlord
 20667 | Orc:2    | XOM: 9-stop teleportation journey
 20678 | Orc:2    | XOM: repel stairs
 20789 | Orc:2    | XOM: summons 3 hostile shadow creatures
 20806 | Orc:2    | Paralysed by an orc sorcerer for 7 turns
 20898 | Orc:2    | Noticed Maurice
 20907 | Orc:2    | Killed Maurice
 20933 | Orc:2    | XOM: enchant monster (bad)
 21103 | Orc:2    | Found a staircase to the Elven Halls.
 21139 | Orc:2    | XOM: noise
 21398 | Orc:2    | Killed an orc warlord
 21412 | Orc:2    | XOM: noise
 21439 | Orc:2    | XOM: summons 1 hostile demon
 21462 | Orc:2    | XOM: potion effect (heal wounds)
 21602 | Orc:2    | Found Mameaj's Distillery.
 21651 | Orc:2    | XOM: potion effect (curing)
 21690 | Orc:2    | XOM: potion effect (brilliance)
 21732 | Orc:2    | Found Ruvudae's Weapon Emporium.
 21740 | Orc:2    | XOM: potion effect (haste)
 21967 | Orc:2    | Bought a scroll of fog for 68 gold pieces
 21967 | Orc:2    | Bought a scroll of fog for 68 gold pieces
 21967 | Orc:2    | Bought a scroll of fog for 68 gold pieces
 21967 | Orc:2    | Bought a potion of invisibility for 272 gold pieces
 22023 | Orc:2    | Bought a potion of curing for 30 gold pieces
 22023 | Orc:2    | Bought a potion of curing for 30 gold pieces
 22023 | Orc:2    | Bought a potion of invisibility for 80 gold pieces
 22023 | Orc:2    | Bought a potion of might for 40 gold pieces
 22023 | Orc:2    | Bought a potion of haste for 100 gold pieces
 22023 | Orc:2    | Bought a potion of cancellation for 80 gold pieces
 22168 | Lair:2   | XOM: summons 6 hostile demons
 22190 | Snake:1  | Entered Level 1 of the Snake Pit
 22331 | Snake:1  | Found a runed translucent door.
 22356 | Snake:1  | XOM: chaos upgrade
 22373 | Snake:1  | XOM: 4-stop teleportation journey
 22399 | Snake:1  | XOM: smoke on damage
 22573 | Snake:1  | Noticed Kaenenan's ghost (adept FoTm)
 22610 | Snake:1  | Identified the +1 flail of Exquisite Torment {flame, rElec
                  | Dex+2}
 23369 | Snake:1  | XOM: noise
 24119 | Snake:2  | Found a runed translucent gate.
 24119 | Snake:2  | Found a runed translucent gate.
 24119 | Snake:2  | Found a runed translucent gate.
 24119 | Snake:2  | Found an opulent altar of Gozag.
 24121 | Snake:2  | Noticed ang3lsp1der's ghost (adept MiFi)
 24297 | Snake:2  | Found Vuopt's Jewellery Shop.
 24298 | Snake:2  | Found Hesaug's Book Shoppe.
 24299 | Snake:2  | Found Gapumoa's Jewellery Shop.
 24309 | Snake:2  | Bought a ring of willpower for 375 gold pieces
 24325 | Snake:2  | Bought a +4 ring of evasion for 540 gold pieces
 24536 | Snake:3  | Found Zeno Piu's Book Emporium.
 24544 | Snake:3  | Bought a manual of Fighting for 1200 gold pieces
 24594 | Snake:3  | Found Ziopisto's Jewellery Emporium.
 24601 | Snake:3  | Found Hevvuy's General Store.
 24604 | Snake:3  | Found Engumn's Armour Shop.
 24653 | Snake:3  | Noticed Nikola
 24671 | Snake:3  | Killed Nikola
 24672 | Snake:3  | Reached skill level 10 in Shields
 24744 | Snake:3  | Reached XP level 16. HP: 138/142 MP: 16/16
 25005 | Snake:3  | XOM: divination: magic mapping
 25215 | Snake:3  | XOM: summons 9 hostile demons
 25243 | Snake:3  | XOM: give mutations
 25243 | Snake:3  | Gained mutation: You have a pair of horns on your head.
                  | [Xom's grace]
 25243 | Snake:3  | Gained mutation: You have large cloven feet. [Xom's grace]
 25400 | Snake:4  | Entered Level 4 of the Snake Pit
 25460 | Snake:4  | XOM: swap monsters
 25461 | Snake:4  | XOM: polymorph salamander tyrant -> shapeshifter
 25464 | Snake:4  | XOM: summons 5 hostile demons
 25619 | Snake:4  | XOM: give mutations
 25619 | Snake:4  | Lost mutation: You have large cloven feet. [Xom's mischief]
 25619 | Snake:4  | Lost mutation: You are dopey. (Int -2) [Xom's mischief]
 25687 | Snake:3  | XOM: draining
 25763 | Snake:3  | XOM is BORED!
 25763 | Snake:3  | XOM: summons 1 hostile demon
 25828 | Snake:4  | XOM: swap monsters
 25846 | Snake:4  | Identified the +7 great sword "Killer Bee's Doom" {vamp,
                  | MP+9 Dex+5}
 25857 | Snake:4  | XOM: noise
 25858 | Snake:4  | XOM: swap monsters
 25882 | Snake:4  | Found Riuniq's Antique Weapon Boutique.
 25883 | Snake:4  | XOM: 1-stop teleportation journey
 25895 | Snake:4  | XOM: enchant monster (bad)
 25902 | Snake:4  | Found Jeatats's Antique Weapon Shop.
 25925 | Snake:4  | Reached skill level 15 in Fighting
 25926 | Snake:4  | XOM: silly message
 25930 | Snake:4  | Found Dufu's General Store.
 25930 | Snake:4  | Found Cuikhaer's Weapon Boutique.
 25930 | Snake:4  | XOM: blink monster(s)
 25933 | Snake:4  | XOM: give mutations
 25933 | Snake:4  | Gained mutation: You are very clumsy. (Dex -4) [Xom's
                  | mischief]
 25933 | Snake:4  | Gained mutation: You sometimes lose the ability to read
                  | scrolls when taking damage. [Xom's mischief]
 25936 | Snake:4  | XOM: smoke on damage
 25955 | Snake:4  | XOM: 1-stop teleportation journey
 25956 | Snake:4  | thanks xom
 25956 | Snake:4  | thanks -scroll
 25956 | Snake:4  | thanks whoever made a vault with 300 guardian serpents
 25958 | Snake:4  | XOM: swap monsters
 25964 | Snake:3  | Demolished by a naga warrior

Illustrated notes

## ###'### #. #
####.....####
...##...........## .
.#............S.. ...
#............SS..
....#.........S....S.
#S.........N.....N
#..N@.N...<.......
#....N...<.N......
#.........N....S..
..#................
... .##....NNN......#
.. .. .##.........##.
. .. N .###N.N###.
... ... .#.#. ..


Turn 25956 on Snake:4: thanks xom

Levels and vault maps discovered:
D:1:      saegor_arrival_miasma, layout_basic,
          dreamdust_ecumenical_altar_hidden_monk_grotto
D:2:      layout_basic
D:3:      layout_rooms
D:4:      layout_gridville, gammafunk_ghost_mausoleum,
          minmay_misc_feat_more_columns
D:5:      layout_basic, ebering_ghost_disaster_area, nicolae_elevator_lobby_plus
D:6:      layout_basic, serial_curves, eino_curves_02, eino_curves_01
D:7:      cheibrodos_shockbox, layout_rooms, trog_antimagical, temple_statues,
          wad_rectangle_vault, uniq_joseph
D:8:      layout_loops_corners, uniq_prince_ribbit1
D:9:      layout_loops_ring, kennysheep_little_box
D:10:     layout_loops_cross, dpeg_oklobed_lair, uniq_josephine
D:11:     layout_basic, david_orc_2, uniq_nergalle
D:12:     layout_long_grid, statue_in_the_mist_lemuel, uniq_azrael, uniq_urug
D:13:     layout_long_grid, uniq_nessos
D:14:     layout_loops_ring, david_vaults_4, nicolae_trove_entry_path_of_doom,
          kiku_gazebo_garden_becter, nrook_uturn, minmay_misc_feat_enclosed
D:15:     hangedman_depths_entry_civil_slaughter, layout_basic,
          nicolae_ru_awakened_eye, serial_ice, serial_ice_d, serial_ice_c,
          serial_ice_e, serial_ice_j, serial_ice_b, serial_ice_m, drop_trap,
          billiards_dpeg
Lair:1:   layout_chaotic_city, grunt_megastairs_4, lemuel_fruit_tree
Lair:2:   layout_misc_corridors, minmay_shoals_entry_centaurs,
          minmay_snake_entry_guardpost_large,
          portal_ice_cave_entry_ice_simulacra
Lair:3:   layout_regular_city, serial_bayou_lake_a, serial_bayou_shore_b
Lair:4:   layout_concentric_octagons
Lair:5:   layout_small_grid, infiniplex_staircase_pool_2, serial_bayou_shore_a
Lair:6:   grunt_lair_end_beastmaster, layout_cave_pods,
          nicolae_slime_entry_slimehenge, nicolae_volcano_entry_hallway
Snake:1:  layout_chambers, hellmonk_ghost_happy_afterlife
Snake:2:  layout_rooms, ebering_ghost_gozag, minmay_shop_grove
Snake:3:  layout_basic, serial_shops, shop, nicolae_snake_serpentine_bazaar,
          uniq_nikola
Snake:4:  snake_hunt, layout_onion_interference, grunt_ministairs_14,
          nicolae_snake_naga_rites, minmay_shoptagon
Orc:1:    layout_caves
Orc:2:    pubby_orc_utopia, uniq_maurice

Skill      XL: |  1  2  3  4  5  6  7  8  9 10 11 12 13 14 15 16 |
---------------+-------------------------------------------------+-----
Armour         | 2 3 4 5 6 7 8 9 10 11 12 | 12.3
Axes           | 4 5 6 7 8 10 11 13 15 16 18 | 18.0
Fighting       | 4 5 6 7 8 9 11 12 13 14 15 | 15.3
Evocations     | 2 4 6 |  6.0
Shields        | 1 10 | 10.7
Dodging        | |  0.7

Action                   |  1- 3 |  4- 6 |  7- 9 | 10-12 | 13-15 | 16-18 || total
-------------------------+-------+-------+-------+-------+-------+-------++-------
Melee: Hand axe          |   101 |    88 |       |       |       |       ||   189
       Tailslap          |     7 |    18 |    22 |    63 |   196 |    29 ||   335
       Punch             |     1 |       |     2 |       |     7 |       ||    10
       Broad axe         |       |    34 |   240 |   317 |   796 |   178 ||  1565
       Unarmed           |       |     1 |       |       |       |       ||     1
       Headbutt          |       |       |     6 |    83 |   271 |    37 ||   397
       Battleaxe         |       |       |       |   190 |   406 |       ||   596
       Kick              |       |       |       |       |       |    17 ||    17
 Abil: Rolling Charge    |     1 |     2 |     4 |    12 |    27 |     2 ||    48
Evoke: Piece from Xom's  |       |     2 |     2 |    13 |     3 |       ||    20
       Wand              |       |       |       |       |    10 |     1 ||    11
       Phantom mirror    |       |       |       |       |       |     1 ||     1
  Use: Potion            |     1 |     2 |     2 |     3 |     3 |    18 ||    29
       Scroll            |       |    14 |     7 |     9 |    22 |    10 ||    62
 Stab: Petrified         |       |     3 |       |       |     3 |       ||     6
       Petrifying        |       |     1 |       |     1 |     1 |       ||     3
       Confused          |       |       |     1 |     2 |     6 |     2 ||    11
       Paralysed         |       |       |       |     4 |     1 |       ||     5
       Invisible         |       |       |       |     4 |     2 |       ||     6
       Sleeping          |       |       |       |     1 |     1 |       ||     2
Armor: Leather armour    |    50 |    67 |   121 |    12 |       |       ||   250
       Skin              |       |    19 |    26 |    12 |       |       ||    57
       Troll leather arm |       |       |       |    97 |       |       ||    97
       Chain mail        |       |       |       |   272 |   693 |   168 ||  1133
Dodge: Dodged            |    57 |    61 |   136 |   215 |   334 |    76 ||   879
Block: Kite shield       |       |       |       |       |   219 |    73 ||   292
       Tower shield      |       |       |       |       |       |    98 ||    98

Table legend: (Time is in decaauts)
 A = Elapsed time spent in this place.
 B = Non-inter-level travel time spent in this place.
 C = Inter-level travel time spent in this place.
 D = Time resting spent in this place.
 E = Time spent auto-exploring this place.
 F = Levels seen in this place.
 G = Mean time per level.
                   A        B        C        D        E       F      G
               +--------+--------+--------+--------+--------+-----+--------+
         Total |  25869 |  23917 |   1952 |   2871 |  15435 |  29 |  892.0 |
       Dungeon |  13620 |  12413 |   1207 |   1252 |   8423 |  15 |  908.0 |
          Lair |   6142 |   5782 |    360 |    756 |   3788 |   6 | 1023.7 |
     Snake Pit |   3394 |   3252 |    142 |    510 |   1986 |   4 |  848.5 |
  Orcish Mines |   2404 |   2163 |    241 |    290 |   1178 |   2 | 1202.0 |
      Ice Cave |      3 |      3 |      0 |      0 |      0 |   1 |    3.0 |
       Volcano |    304 |    304 |      0 |     60 |     60 |   1 |  304.0 |
               +--------+--------+--------+--------+--------+-----+--------+

Top non-repeatable levels by time:
   Orc:2: 1857 daAuts
     D:6: 1651 daAuts
  Lair:6: 1378 daAuts
 Snake:1: 1344 daAuts
     D:4: 1270 daAuts
 Snake:3: 1199 daAuts
  Lair:4: 1111 daAuts
     D:1: 1070 daAuts
  Lair:2: 1051 daAuts
     D:8: 1030 daAuts
    D:12: 1018 daAuts
  Lair:5: 969 daAuts
    D:13: 953 daAuts
    D:14: 938 daAuts
    D:10: 888 daAuts
